 Dungeon Crawl Stone Soup version 0.29.1-2-gbd0b4ee654 (webtiles) character file.

Game seed: 6504123177558642097

1172 Icepheonix32 the Insei (level 8, -1/49 HPs)
             Began as an Octopode Transmuter on Nov 18, 2022.
             Was an Initiate of Gozag.
             Succumbed to a scorpion's poison
             ... on level 4 of the Dungeon.
             The game lasted 00:08:28 (5702 turns).

Icepheonix32 the Insei (Octopode Transmuter)        Turns: 5702, Time: 00:08:28

Health: -1/49      AC:  1    Str: 20 (21) XL:     8   Next: 41%
Magic:  13/13      EV: 15    Int: 14 (15) God:    Gozag
Gold:   486        SH:  5    Dex: 19      Spells: 4/14 levels left

rFire   . . .      SeeInvis +     - Unarmed
rCold   . . .      Faith    .   (no shield)
rNeg    . . .      Spirit   .   (helmet currently unavailable)
rPois   .          Reflect  +   i - amulet "Aroic" {Reflect *Slow Will+++ Dex+4 SH+5 SInv}
rElec   .          Harm     .   c - +6 ring of strength
rCorr   .          Rampage  .   a - ring of flight
Will    +++..                   k - +6 ring of strength
Stlth   +++.......              (no ring)
HPRegen 0.16/turn               (no ring)
MPRegen 0.13/turn               (no ring)
                                (no ring)
                                (no ring)

@: lethally poisoned (-1 -> -3), appendages (expiring), gold aura, flying,
slowed, very slow
A: tentacle spike 3, almost no armour, amphibious, 8 rings, camouflage 1,
gelatinous body 1, (nimble swimmer 1), tentacles
a: End Transformation, Renounce Religion, Potion Petition, Call Merchant, Bribe
Branch


You were on level 4 of the Dungeon.
You worshipped Gozag.
Gozag was aware of your devotion.
One of your tentacles had grown a beastly spike.
You visited 1 branch of the dungeon, and saw 5 of its levels.

You collected 514 gold pieces.
You paid 28 gold pieces to Gozag.

Inventory:

Missiles
 d - 2 javelins
 e - 2 poisoned darts
Jewellery
 a - a ring of flight (right tentacle)
 c - a +6 ring of strength (left tentacle)
 i - the amulet "Aroic" (around mantle) {Reflect *Slow Will+++ Dex+4 SH+5 SInv}
   (You found it on level 4 of the Dungeon)

   [amulet of reflection]

   It reflects blocked missile attacks.
   Dex:       It affects your dexterity (+4).
   SInv:      It lets you see invisible.
   *Slow:     It may slow you when you take damage.
   SH:        It affects your SH (+5).
   Will:      It greatly increases your willpower.
 k - a +6 ring of strength (on tentacle)
Wands
 l - a wand of roots (7)
Scrolls
 g - 3 scrolls of fear
Potions
 f - a potion of magic
 h - a potion of degeneration


   Skills:
 + Level 1.6 Fighting
 + Level 0.2 Throwing
 * Level 4.4 Dodging
 + Level 2.6 Stealth
 + Level 5.3 Unarmed Combat
 + Level 3.8 Spellcasting
 * Level 4.9 Transmutations
 * Level 2.5 Ice Magic
 * Level 3.0 Poison Magic


You had 4 spell levels left.
You knew the following spells:

 Your Spells              Type           Power      Damage    Failure   Level
a - Beastly Appendage     Tmut           32%        N/A       2%          1
b - Spider Form           Tmut/Pois      13%        N/A       12%         3
c - Wereblood             Tmut           16%        N/A       3%          2
d - Ice Form              Ice/Tmut       13%        N/A       38%         4

Your spell library contained the following spells:

 Spells                   Type           Power      Damage    Failure   Level
 Dazzling Flash           Conj/Hex       4%         N/A       52%         3
 Agony                    Necr           2%         N/A       99%         5
 Silence                  Hex/Air        1%         N/A       99%         5


Dungeon Overview and Level Annotations

Branches:
Dungeon (5/15)
 Temple: D:4-7

Altars:
Ashenzari
Cheibriados
Dithmenos
Elyvilon
Gozag
Hepliaklqana
Makhleb
Nemelex Xobeh
Okawaru
Vehumet
The Shining One


Innate Abilities, Weirdness & Mutations

One of your tentacles has grown a beastly spike.
You cannot wear most types of armour.
You are amphibious.
You can wear up to eight rings at the same time.
Your skin changes colour to match your surroundings (Stealth+).
Your rubbery body absorbs attacks. (AC +1, EV +1)
((You are camouflaged when in or above water. (Stealth+)))
You have tentacles for arms and can constrict up to eight enemies at once.


Message History

Unknown command.
You feel sick.
You are no longer poisoned.
The scorpion stings you.
You fly upwards.
There is a stone staircase leading down here.
Unknown command.
You tentacle-slap the scorpion. You grab the scorpion.
The scorpion is heavily wounded.
You constrict the scorpion. The scorpion stings you!
* * * LOW HITPOINT WARNING * * *
You feel yourself slow down.
You are lethally poisoned!
The scorpion poisons you!
Okay, then.
Okay, then.
You tentacle-slap the scorpion but do no damage.
You pierce the scorpion.
Your squeeze misses the scorpion.
The scorpion is almost dead.
Your transformation is almost over.
You constrict the scorpion.
You kill the scorpion!
* * * LOW HITPOINT WARNING * * *
You feel very sick.
* * * LOW HITPOINT WARNING * * *
You feel sick.
You see here 6 gold pieces.
Unknown command.
You now have 486 gold pieces (gained 6).
* * * LOW HITPOINT WARNING * * *
You feel sick.
Unknown command.
Okay, then.
There is a lethal amount of poison in your body!
Unknown command.
There is a lethal amount of poison in your body!
* * * LOW HITPOINT WARNING * * *
You feel sick.
You die...
Your body crumbles into a pile of gold.

.................#
################.####### .#
#.........#
.#############.........#
.......................#
.......................##########
..........................)......
...............>.#.....).........
................@................
........####.#...#.##############
#...)...####.##.#........#
#..................#####.#
#........................#
######...................# ...#
#...........#.#.###.#
##.###.....#.##........#.#
...........#.##.##.#.#.#.#


There were no monsters in sight!

Vanquished Creatures
  An ogre (D:4)
  3 phantoms (D:4)
  4 scorpions (D:4)
  A water moccasin zombie (D:4)
  A water moccasin skeleton (D:4)
  A bullfrog zombie (D:4)
  3 centaur zombies (D:4)
  A jelly (D:4)
  A centaur skeleton (D:4)
  2 hounds (D:4)
  An orc priest (D:3)
  A scorpion zombie (D:4)
  A hound zombie (D:4)
  2 hound skeletons (D:4)
  A howler monkey skeleton (D:4)
  5 adders
  3 ufetubi (D:4)
  7 adder zombies (D:4)
  A worm (D:2)
  A dart slug (D:4)
  9 orcs
  10 endoplasms
  2 giant cockroaches (D:4)
  9 goblins
  4 hobgoblins
  2 quokkas (D:4)
  6 ball pythons
  10 bats
  4 frilled lizards
  A jackal zombie (D:4)
  8 kobolds
  A quokka zombie (D:4)
  2 rats
109 creatures vanquished.

Notes
Turn   | Place    | Note
-------+----------+-------------------------------------------
     0 | D:1      | Icepheonix32 the Octopode Transmuter began the quest for
                  | the Orb.
     0 | D:1      | Reached XP level 1. HP: 13/13 MP: 3/3
   325 | D:1      | Reached XP level 2. HP: 12/18 MP: 3/5
  1481 | D:2      | Reached XP level 3. HP: 17/23 MP: 4/6
  1766 | D:2      | Found a faded altar of an unknown god.
  2523 | D:3      | Reached XP level 4. HP: 8/28 MP: 5/7
  3253 | D:3      | Reached skill level 1 in Stealth
  3671 | D:3      | Found a shadowy altar of Dithmenos.
  3681 | D:3      | Found a hazy altar of Hepliaklqana.
  3684 | D:3      | Found a glowing golden altar of the Shining One.
  3688 | D:3      | Found an iron altar of Okawaru.
  3689 | D:3      | Found a burning altar of Makhleb.
  3691 | D:3      | Found an opulent altar of Gozag.
  3691 | D:3      | Found a sparkling altar of Nemelex Xobeh.
  3692 | D:3      | Found a broken altar of Ashenzari.
  3695 | D:3      | Found a white marble altar of Elyvilon.
  3696 | D:3      | Became a worshipper of Gozag Ym Sagoz the Greedy
  3699 | D:3      | Found a snail-covered altar of Cheibriados.
  3700 | D:3      | Found a radiant altar of Vehumet.
  3924 | D:4      | Noticed an ogre
  3936 | D:3      | Learned a level 3 spell: Spider Form
  3939 | D:3      | Learned a level 2 spell: Wereblood
  4005 | D:4      | Killed an ogre
  4006 | D:4      | Reached XP level 5. HP: 28/33 MP: 5/9
  4123 | D:4      | Reached skill level 4 in Unarmed Combat
  4123 | D:4      | Reached XP level 6. HP: 31/38 MP: 7/10
  4219 | D:4      | Learned a level 4 spell: Ice Form
  4260 | D:4      | Reached skill level 1 in Poison Magic
  4479 | D:4      | Reached skill level 1 in Ice Magic
  4479 | D:4      | Reached XP level 7. HP: 41/43 MP: 8/11
  5177 | D:4      | Reached XP level 8. HP: 33/48 MP: 1/13
  5178 | D:4      | Reached skill level 5 in Unarmed Combat
  5486 | D:4      | Identified the amulet "Aroic" {Reflect *Slow Will+++ Dex+4
                  | SH+5 SInv}
  5632 | D:5      | Entered Level 5 of the Dungeon
  5700 | D:4      | HP: 2/49 [poisoned by a scorpion]
  5702 | D:4      | Succumbed to a scorpion's poison

Illustrated notes

Levels and vault maps discovered:
D:1:      co_arrival_random_square_maze, layout_loops_cross,
          corexii_item_surrounded_by_moat
D:2:      layout_basic, shapermc_ecumenical_altar_mp_vishouse,
          minmay_stone_trees_large
D:3:      layout_basic, nicolae_overflow_hallway_of_the_gods
D:4:      minmay_octagon_keep, layout_basic, serial_undead, serial_undead_c,
          serial_undead_f, serial_undead_e, serial_undead_f, serial_undead_f,
          serial_undead_d, serial_undead_e, serial_undead_d, serial_undead_a,
          serial_undead_c, corner_web_ring
D:5:      layout_cave_pools, zin_scriptorium

Skill      XL: |  1  2  3  4  5  6  7  8 |
---------------+-------------------------+-----
Dodging        | 3 4 |  4.4
Stealth        | 1 2 |  2.6
Transmutations | 3 4 |  4.9
Unarmed Combat | 4 5 |  5.3
Spellcasting   | 3 |  3.8
Poison Magic   | 1 2 3 |  3.0
Ice Magic      | 1 2 |  2.5
Fighting       | |  1.6
Throwing       | |  0.2

Action                   |  1- 3 |  4- 6 |  7- 9 || total
-------------------------+-------+-------+-------++-------
Melee: Unarmed           |    77 |    96 |   100 ||   273
       Constrict         |    16 |    21 |    12 ||    49
       Kick              |    17 |    28 |    24 ||    69
       Tentacles         |     7 |    16 |    18 ||    41
       Punch             |     1 |     2 |     3 ||     6
Throw: Dart              |       |     5 |     1 ||     6
 Cast: Beastly Appendage |    23 |    13 |     7 ||    43
       Spider Form       |       |     2 |     2 ||     4
       Wereblood         |       |       |     4 ||     4
       Ice Form          |       |       |     1 ||     1
  Use: Scroll            |     4 |       |     2 ||     6
       Potion            |       |     1 |     5 ||     6
 Stab: Sleeping          |     6 |     1 |     3 ||    10
Armor: Skin              |    15 |    15 |     6 ||    36
Dodge: Dodged            |    48 |    60 |    89 ||   197
Block: Other             |       |       |     1 ||     1
       Reflection        |       |       |     1 ||     1
